 Dungeon Crawl Stone Soup version 0.20.1-1-g8b1a95d (webtiles) character file.

2739 Mitsuki the Digger (level 9, -2/78 HPs)
             Began as a Gargoyle Earth Elementalist on Sept 14, 2017.
             Was an Initiate of Vehumet.
             Slain by Allophanate's ghost (9 damage)
             ... on level 7 of the Dungeon.
             The game lasted 00:40:11 (10547 turns).

Mitsuki the Digger (Gargoyle Earth Elementalist)   Turns: 10547, Time: 00:40:12

Health: -2/78      AC:  8    Str: 17    XL:     9   Next: 68%
Magic:  1/17       EV: 19    Int: 19    God:    Vehumet [......]
Gold:   354        SH:  0    Dex: 15    Spells: 3/19 levels left

rFire    . . .     SeeInvis .   n - staff of wizardry
rCold    . . .     Gourm    .   (no shield)
rNeg     + . .     Faith    .   c - +0 robe
rPois    ∞         Spirit   .   o - +1 hat
rElec    +         Reflect  .   (no cloak)
rCorr    .         Harm     .   (no gloves)
MR       .....                  (no boots)
Stlth    ..........             (no amulet)
Regen    0.3/turn               (no ring)
MPRegen  0.2/turn               (no ring)

@: agile, berserking, very quick
A: negative energy resistance 1, electricity resistance, unbreathing,
petrification resistance, rot immunity, AC +5
a: Renounce Religion


You were on level 7 of the Dungeon.
You worshipped Vehumet.
Vehumet was noncommittal.
You were not hungry.

You visited 2 branches of the dungeon, and saw 8 of its levels.

You collected 354 gold pieces.

Inventory:

Hand Weapons
 v - a +2 long sword of slicing
 A - a +2 quarterstaff of speed
Missiles
 b - 233 stones (quivered)
Armour
 c - a +0 robe (worn)
 o - a +1 hat (worn)
 y - a +0 buckler
Magical Staves
 n - an uncursed staff of wizardry (weapon)
Jewellery
 s - an uncursed ring of ice {unknown}
Wands
 k - a wand of flame (28/48)
 p - a wand of confusion (27/48)
 z - a wand of confusion (25/48)
 E - a wand of paralysis (6/24)
Scrolls
 f - 3 scrolls of blinking {unknown}
 g - 5 scrolls of teleportation {unknown}
 h - a scroll of enchant weapon {unknown}
 j - 11 scrolls of identify {unknown}
 m - a scroll of immolation {unknown}
 q - 6 scrolls of magic mapping {unknown}
 r - 2 scrolls of fear {unknown}
 D - a scroll of remove curse {unknown}
 F - a scroll of acquirement {unknown}
Potions
 a - a potion of agility
 i - a potion of berserk rage
 l - 2 potions of ambrosia {unknown}
 u - a potion of resistance {unknown}
 w - 2 potions of curing {unknown}
 B - 2 potions of flight {unknown}
 C - a potion of lignification {unknown}
 H - a potion of brilliance {unknown}
Books
 e - a book of Geomancy

   Spells                             Type                      Level
   a - Sandblast                      Earth                        1
   b - Passwall                       Transmutation/Earth          2
   c - Stone Arrow                    Conjuration/Earth            3
   d - Petrify                        Transmutation/Earth          4
   e - Lee's Rapid Deconstruction     Earth                        5
 x - a book of Minor Magic

   Spells                             Type                      Level
   a - Magic Dart                     Conjuration                  1
   b - Blink                          Translocation                2
   c - Call Imp                       Summoning                    2
   d - Slow                           Hexes                        2
   e - Conjure Flame                  Conjuration/Fire             3
   f - Mephitic Cloud                 Conjuration/Poison/Air       3
Comestibles
 d - 3 bread rations
 t - a royal jelly
 G - 2 chunks of flesh


   Skills:
 + Level 3.7 Fighting
   Level 1.4(2.2) Maces & Flails
 + Level 2.6(2.9) Staves
 + Level 3.7 Armour
 + Level 3.4 Dodging
 - Level 2.1 Stealth
 + Level 5.7 Spellcasting
 + Level 5.7 Conjurations
 - Level 0.7 Transmutations
 + Level 1.5 Fire Magic
 + Level 7.8 Earth Magic
 + Level 2.9 Evocations


You had 3 spell levels left.
You knew the following spells:

 Your Spells              Type           Power        Failure   Level  Hunger
a - Sandblast             Erth           #####.       1%          1    None
b - Stone Arrow           Conj/Erth      ####..       1%          3    ##.....
c - Petrify               Tmut/Erth      ###.....     9%          4    ####...
d - Lee's Rapid Deconstr  Erth           #####.....   5%          5    #####..
e - Conjure Flame         Conj/Fire      ###.....     3%          3    ##.....


Dungeon Overview and Level Annotations

Branches:
Dungeon (7/15)             Temple (1/1) D:6

Altars:
Ashenzari
Cheibriados
Dithmenos
Hepliaklqana
Makhleb
Nemelex Xobeh
Okawaru
Qazlal
Ru
Sif Muna
Trog
Uskayaw
Vehumet
Xom
Yredelemnul
The Shining One

Annotations:
D:1 1 runed door
D:7 Allophanate's ghost, novice HOFi


Innate Abilities, Weirdness & Mutations

You are resistant to torment.
Your stone body is resilient. (AC +5)
You are immune to poison.
You resist negative energy. (rN+)
You are resistant to electric shocks. (rElec)
You can survive without breathing.
You are immune to petrification.
You are immune to rotting.


Message History

Allophanate's ghost barely misses you.
Casting: Sandblast
Confirm with . or Enter, or press ? or * to list all spells.
Aiming: Sandblast
Press: ? - help, Shift-Dir - straight line, f/p - Allophanate's ghost
Aim: Allophanate's ghost (heavily damaged)
The blast of sand hits Allophanate's ghost.
Allophanate's ghost is heavily damaged.
b - 233 stones Allophanate's ghost hits you!
* * * LOW HITPOINT WARNING * * *
It was a potion of agility.
You feel agile all of a sudden. Allophanate's ghost hits you.
* * * LOW HITPOINT WARNING * * *
Okay, then.
It was a potion of berserk rage.
A red film seems to cover your vision as you go berserk!
You feel yourself moving faster!
You feel mighty! Allophanate's ghost hits you!
You die...

#.##.# #####.##.#
###...#.##.#
#.'...'....#
#.#...#..#.#
#.#...##.#.#
###+#.#...##...# #
#...z.#.W.###..#
#.# #.....#.@.#
#..# ..##.#
#.....#...# ##.#
####.# #.....#...#
#.#
....####.....#...#
#.#
#......'.....#..%#
#>#
#....###.....#...#
### #....#
#.....##### #....#
#.....#
##....###.....###


You could see Allophanate's ghost.

Vanquished Creatures
  The ghost of kohrah the Thaumaturge, a novice DECj of Vehumet (D:6)
  Grinder (D:3)
  Sigmund (D:2)
  Edmund (D:4)
  The ghost of Mitsuki the Digger, an amateur GrEE (D:4)
  3 phantoms
  3 ogres
  The ghost of zkobry the Gusty, an amateur HaAE (D:3)
  7 big kobolds (D:5)
  2 crimson imps (D:6)
  2 hounds
  3 jellies (D:4)
  2 orc wizards
  2 iguanas
  5 worker ants
  A hound skeleton (D:4)
  A howler monkey zombie (D:5)
  8 gnolls
  7 adders
  9 oozes
  6 dart slugs
  3 leopard geckos
  7 orcs
  11 bats
  7 giant cockroaches
  12 goblins
  6 hobgoblins
  11 jackals
  55 kobolds
  2 quokkas (D:2)
  A ball python (D:4)
  4 frilled lizards
  A jackal skeleton (D:5)
  A leopard gecko skeleton (D:6)
  13 rats
  2 fungi (D:4)
203 creatures vanquished.

Vanquished Creatures (others)
  6 toadstools (D:4)
6 creatures vanquished.

Grand Total: 209 creatures vanquished

Notes
Turn   | Place    | Note
-------+----------+-------------------------------------------
     0 | D:1      | Mitsuki the Gargoyle Earth Elementalist began the quest for the Orb.
     0 | D:1      | Reached XP level 1. HP: 10/10 MP: 3/3
     1 | D:1      | Found a runed door.
   450 | D:1      | Reached skill level 4 in Earth Magic
   450 | D:1      | Reached XP level 2. HP: 11/15 MP: 5/5
  1342 | D:1      | Reached XP level 3. HP: 18/19 MP: 6/6
  1391 | D:1      | Learned a level 3 spell: Stone Arrow
  2230 | D:2      | Noticed Sigmund
  2277 | D:2      | Reached XP level 4. HP: 23/24 MP: 8/8
  2327 | D:2      | Reached skill level 1 in Conjurations
  2494 | D:2      | Reached skill level 5 in Earth Magic
  2590 | D:2      | Reached XP level 5. HP: 20/28 MP: 3/9
  3057 | D:2      | Learned a level 4 spell: Petrify
  3335 | D:3      | Noticed Grinder
  4098 | D:3      | Noticed zkobry's ghost (amateur HaAE)
  4123 | D:3      | Killed zkobry's ghost
  4123 | D:3      | Reached XP level 6. HP: 32/32 MP: 8/11
  4155 | D:3      | You fall through a shaft for 2 floors!
  4155 | D:5      | Entered Level 5 of the Dungeon
  4615 | D:3      | Killed Grinder
  4615 | D:3      | Reached skill level 6 in Earth Magic
  4615 | D:3      | Reached XP level 7. HP: 21/36 MP: 4/13
  5397 | D:4      | Reached skill level 1 in Armour
  5459 | D:4      | Noticed Mitsuki's ghost (amateur GrEE)
  5473 | D:4      | Killed Mitsuki's ghost
  5473 | D:4      | Reached skill level 1 in Fighting
  5473 | D:4      | Reached skill level 1 in Maces & Flails
  5792 | D:4      | Noticed Edmund
  5805 | D:4      | Killed Edmund
  5805 | D:4      | Reached XP level 8. HP: 33/43 MP: 2/14
  6141 | D:4      | Reached skill level 1 in Evocations
  6234 | D:4      | Reached skill level 7 in Earth Magic
  6617 | D:2      | Killed Sigmund
  7296 | D:5      | Reached skill level 1 in Staves
  8454 | D:5      | Reached skill level 5 in Conjurations
  8638 | D:5      | Reached skill level 5 in Spellcasting
  8713 | D:5      | Reached XP level 9. HP: 44/49 MP: 16/16
  9359 | D:6      | Learned a level 5 spell: Lee's Rapid Deconstruction
  9363 | D:6      | Learned a level 3 spell: Conjure Flame
  9459 | D:6      | Found a staircase to the Ecumenical Temple.
  9487 | Temple   | Entered the Ecumenical Temple
  9515 | Temple   | Became a worshipper of Vehumet
  9559 | D:6      | Noticed kohrah's ghost (novice DECj)
  9636 | D:6      | Killed kohrah's ghost
  9636 | D:6      | Reached skill level 1 in Fire Magic
 10509 | D:7      | Noticed Allophanate's ghost (novice HOFi)
 10547 | D:7      | Slain by Allophanate's ghost

Skill      XL: |  1  2  3  4  5  6  7  8  9 |
---------------+----------------------------+-----
Earth Magic    | 4 5 6 7 |  7.8
Conjurations   | 2 3 4 5 |  5.7
Spellcasting   | 3 4 5 |  5.7
Armour         | 1 3 |  3.7
Fighting       | 1 2 3 |  3.7
Maces & Flails | 1 |  1.4
Dodging        | 2 3 |  3.4
Evocations     | 2 |  2.9
Staves         | 1 2 |  2.6
Fire Magic     | 1 |  1.5
Stealth        | |  2.1
Transmutations | |  0.7

Action                   |  1- 3 |  4- 6 |  7- 9 || total
-------------------------+-------+-------+-------++-------
Melee: Unarmed           |   100 |       |       ||   100
       Hand axe          |   111 |       |       ||   111
       Mace              |     6 |   154 |    38 ||   198
       Long sword        |       |       |    81 ||    81
       Quarterstaff      |       |       |   179 ||   179
       Staff             |       |       |     8 ||     8
 Cast: Sandblast         |     6 |    31 |   109 ||   146
       Stone Arrow       |       |       |    16 ||    16
       Lee's Rapid Decon |       |       |     3 ||     3
Evoke: Wand              |       |       |     2 ||     2
  Use: Potion            |       |       |     2 ||     2
 Stab: Sleeping          |     3 |     1 |     1 ||     5
       Distracted        |       |       |     1 ||     1
  Eat: Chunk             |     5 |     7 |    10 ||    22
       Royal jelly       |       |       |     2 ||     2
       Meat ration       |       |       |     1 ||     1
       Fruit             |       |       |     2 ||     2
Armor: Robe              |   100 |    74 |   124 ||   298
Dodge: Dodged            |   163 |   129 |   166 ||   458
       Rpst.: Long sword |       |       |    16 ||    16
